 Dungeon Crawl Stone Soup version 0.18.1-48-g4cf74bf (webtiles) character file.

4323 Wotyn the Blocker (level 10, -1/68 HPs)
             Began as a Formicid Fighter on Sept 2, 2016.
             Was a Believer of Trog.
             Slain by a fire elemental (8 damage)
             ... summoned by a deep elf mage
             ... on level 9 of the Dungeon.
             The game lasted 00:31:39 (6363 turns).

Wotyn the Blocker (Formicid Fighter)                Turns: 6363, Time: 00:31:41

Health: -1/68      AC: 15    Str: 23    XL:     10   Next: 58%
Magic:  10/10      EV:  8    Int:  7    God:    Trog [**....]
Gold:   403        SH: 12    Dex: 10    Spells: 0 memorised, 9 levels left

rFire  . . .     SeeInvis +     a - +2 war axe
rCold  + + .     Gourm    .     z - +0 plate armour
rNeg   . . .     Faith    .     c - +1 shield
rPois  +         Spirit   .     (helmet unavailable)
rElec  .         Dismiss  .     y - +0 cloak
rCorr  .         Reflect  .     (no gloves)
SustAt .         Harm     .     d - +0 pair of boots (curse)
MR     +++..                    j - amulet of regeneration
Stlth  ..........               s - ring of protection from cold
                                v - ring of poison resistance

@: regenerating, extremely resistant to hostile enchantments, extremely
unstealthy
A: permanent stasis, dig shafts and tunnels, four strong arms, antennae 3, cold
resistance 1, dopey 1, frail 1, sense surroundings 1
a: Dig, Shaft Self, Trog's Hand, Burn Spellbooks, Renounce Religion


You were on level 9 of the Dungeon.
You worshipped Trog.
Trog was pleased with you.
You were not hungry.

You visited 1 branch of the dungeon, and saw 10 of its levels.
You also visited: Bailey.

You collected 403 gold pieces.

Inventory:

Hand Weapons
 a - a +2 war axe (weapon)
 A - a +2 hand axe of pain
Missiles
 l - 6 javelins of penetration (quivered)
Armour
 c - a +1 shield (worn)
 d - a cursed +0 pair of boots (worn)
 y - a +0 cloak (worn)
 z - a +0 plate armour (worn)
Jewellery
 j - an amulet of regeneration (around neck)
 s - a ring of protection from cold (right hand)
 v - a ring of poison resistance (left hand)
Wands
 n - a wand of flame (15/48)
 p - a wand of enslavement (11/24)
 q - a wand of slowing (23/48)
 r - a wand of disintegration (0/24)
 t - a wand of flame (15/48)
 w - a wand of flame (14/48)
 B - a wand of confusion (25/48)
Scrolls
 b - a scroll of fear
 e - 5 scrolls of remove curse
 h - 13 scrolls of identify
 k - 4 scrolls of magic mapping
Potions
 g - 2 potions of flight
 i - 2 potions of curing
 x - 2 potions of ambrosia
Comestibles
 f - 10 royal jellies
 m - a slice of pizza
 o - a meat ration
 u - 2 bread rations


   Skills:
 + Level 5.8 Fighting
 * Level 7.4 Axes
 + Level 6.0 Armour
 * Level 6.7 Dodging
 * Level 7.0 Stealth
 + Level 8.2 Shields
 + Level 1.0 Evocations


You had 9 spell levels left.
You didn't know any spells.

Dungeon Overview and Level Annotations

Branches:
Dungeon (10/15)            Temple (0/1) D:7
   Lair: D:8-11         Orc: D:9-12

Altars:
Ashenzari
Dithmenos
Makhleb
Nemelex Xobeh
Pakellas
Sif Muna
Trog
Xom

Shops:
D:6 ([


Innate Abilities, Weirdness & Mutations

You are under a permanent stasis effect.
You can dig through walls and to a lower floor.
Your four strong arms can wield two-handed weapons with a shield.
You have a pair of large antennae on your head (SInv).
Your flesh is cold resistant.
You are dopey. (Int -2)
You are frail (-10% HP).
You passively map a small area around you.


Message History

You slash the deep elf mage!
The deep elf mage is heavily wounded.
You closely miss the fire elemental.
The fire elemental is moderately damaged.
The deep elf mage hits you with a short sword.
* * * LOW HITPOINT WARNING * * *
You block the fire elemental's attack.
The deep elf mage hits you but does no damage.
Your plate armour prevents you from hitting the deep elf mage.
The deep elf mage is heavily wounded.
You slash the fire elemental!
The fire elemental is heavily damaged.
You block the fire elemental's attack. x2
The deep elf mage closely misses you.
You slash the deep elf mage!
The deep elf mage is severely wounded.
You closely miss the fire elemental.
The fire elemental is heavily damaged.
The fire elemental hits you. The fire elemental burns you!
You die...

# ##.)## #..##
** #)##
##..#####...
#).# #..........
#..# #..........
#..#
##...#######
#..# #..### *
#..########..# *
*
*#.........E..##
* .
*........e@#§..#
.,
.#....#####...#
* , . ..
#.#..#**, * , *
....... , *
{..#8.E8# *
#..##...§# * ,
#.## .Ee. , #. *
$§$# ** , * ,


You could see a deep elf mage and a fire elemental.

Vanquished Creatures
  Erolcha (D:10)
  Maurice (D:8)
  A gargoyle (D:7)
  Sigmund (D:6)
  A hippogriff (D:9)
  Edmund (D:5)
  A black bear (D:7)
  A sky beast (D:5)
  An ice beast (D:9)
  A phantom (D:6)
  2 ogres
  7 giant frogs
  A water moccasin skeleton (D:5)
  A scorpion (D:8)
  5 crimson imps
  2 centaur zombies
  A giant frog zombie (D:6)
  A quasit (D:7)
  5 jellies
  A gnoll shaman (D:7)
  2 orc priests
  2 hounds
  6 orc wizards
  2 giant frog skeletons
  2 centaur skeletons
  2 iguanas
  A worker ant (D:7)
  A worker ant zombie (D:7)
  5 gnolls (D:7)
  10 adders
  5 shadow imps
  9 oozes
  2 adder skeletons
  4 worms
  A dart slug (D:2)
  5 giant geckos
  29 orcs
  2 ball pythons
  7 bats
  9 giant cockroaches
  10 goblins
  11 hobgoblins
  12 jackals
  8 kobolds
  3 quokkas
  3 giant newts
  A jackal skeleton (D:8)
  A jackal zombie (D:6)
  5 rats
196 creatures vanquished.

Vanquished Creatures (collateral kills)
  A hound (D:7)
  2 orc priests (D:8)
  An orc wizard (D:8)
4 creatures vanquished.

Vanquished Creatures (others)
  An orc warrior (D:8)
1 creature vanquished.

Grand Total: 201 creatures vanquished

Notes
Turn   | Place    | Note
--------------------------------------------------------------
     0 | D:1      | Wotyn the Formicid Fighter began the quest for the Orb.
     0 | D:1      | Reached XP level 1. HP: 18/18 MP: 1/1
   167 | D:1      | Reached XP level 2. HP: 21/24 MP: 2/2
   244 | D:1      | Reached skill level 1 in Stealth
   301 | D:1      | Reached XP level 3. HP: 22/29 MP: 3/3
   547 | D:1      | Reached skill level 1 in Dodging
   775 | D:2      | Reached XP level 4. HP: 33/36 MP: 4/4
   960 | D:2      | Found an oddly glowing altar of Pakellas.
  1031 | D:2      | Reached skill level 4 in Shields
  1088 | D:2      | Reached XP level 5. HP: 38/41 MP: 5/5
  2128 | D:4      | Reached XP level 6. HP: 13/48 MP: 6/6
  2224 | D:4      | Noticed an ogre
  2230 | D:4      | Killed an ogre
  2333 | D:4      | Found a sparkling altar of Nemelex Xobeh.
  2333 | D:4      | Found a shattered altar of Ashenzari.
  2454 | D:4      | Reached skill level 5 in Shields
  2511 | D:4      | Found a shimmering altar of Xom.
  2512 | D:4      | Found a deep blue altar of Sif Muna.
  2520 | D:4      | Reached XP level 7. HP: 41/53 MP: 7/7
  2617 | D:4      | Found a burning altar of Makhleb.
  2737 | D:4      | Found a bloodstained altar of Trog.
  2742 | D:4      | Became a worshipper of Trog the Wrathful
  2809 | D:5      | Entered Level 5 of the Dungeon
  3315 | D:5      | Noticed Edmund
  3332 | D:5      | Killed Edmund
  3874 | D:5      | Reached XP level 8. HP: 56/60 MP: 8/8
  3965 | D:5      | Gained mutation: You are partially covered in molten scales (AC +1). [mutagenic meat]
  3966 | D:5      | Gained mutation: You are mostly covered in molten scales (AC +3, EV -1). [mutagenic meat]
  3967 | D:5      | Gained mutation: You are dopey. (Int -2) [mutagenic meat]
  3968 | D:5      | Lost mutation: You are mostly covered in molten scales (AC +3, EV -1). [mutagenic meat]
  3969 | D:5      | Gained mutation: Your flesh is cold resistant. [mutagenic meat]
  4000 | D:6      | Found Edawael's Weapon Boutique.
  4034 | D:6      | Reached skill level 6 in Shields
  4102 | D:6      | Found Ibuquaru's Armour Shoppe.
  4125 | D:6      | Reached skill level 5 in Armour
  4130 | D:6      | Noticed Sigmund
  4153 | D:6      | Killed Sigmund
  4153 | D:6      | Reached skill level 5 in Axes
  4156 | D:6      | Reached skill level 5 in Stealth
  4156 | D:6      | Reached XP level 9. HP: 44/66 MP: 9/9
  4164 | D:6      | Gained mutation: You are frail (-10% HP). [potion of mutation]
  4164 | D:6      | Lost mutation: You are partially covered in molten scales (AC +1). [potion of mutation]
  4164 | D:6      | Gained mutation: You passively map a small area around you. [potion of mutation]
  4404 | D:7      | Reached * piety under Trog
  4413 | D:7      | Reached skill level 5 in Dodging
  4543 | D:7      | Found a flagged portal.
  4548 | D:7      | Reached skill level 7 in Shields
  4559 | Bailey   | Entered a bailey
  4610 | D:7      | Found an oddly glowing altar of Pakellas.
  4627 | D:7      | Noticed a gargoyle
  4668 | D:7      | Killed a gargoyle
  4787 | D:7      | Reached skill level 5 in Fighting
  4917 | D:7      | Reached ** piety under Trog
  4933 | D:7      | Found a staircase to the Ecumenical Temple.
  5266 | D:8      | Found a shadowy altar of Dithmenos.
  5295 | D:8      | Noticed Maurice
  5343 | D:8      | Killed Maurice
  5343 | D:8      | Reached XP level 10. HP: 40/66 MP: 10/10
  5874 | D:8      | You fall through a shaft for 2 floors!
  5874 | D:10     | Entered Level 10 of the Dungeon
  5874 | D:10     | Noticed Erolcha
  5899 | D:10     | Killed Erolcha
  5899 | D:10     | Reached skill level 8 in Shields
  5899 | D:10     | Reached skill level 1 in Evocations
  6016 | D:10     | HP: 2/68 [vampire/vampiric draining (16)]
  6335 | D:9      | Noticed a deep elf mage
  6360 | D:9      | HP: 2/68 [fire elemental[a deep elf mage] (5)]
  6363 | D:9      | Slain by a fire elemental

Skill      XL: |  1  2  3  4  5  6  7  8  9 10 |
---------------+-------------------------------+-----
Stealth        | 1 2 3 5 6 7 |  7.0
Dodging        | 1 2 3 4 6 |  6.7
Shields        | 4 5 6 7 8 |  8.2
Axes           | 3 4 5 6 7 |  7.4
Armour         | 4 5 6 |  6.0
Fighting       | 4 5 |  5.8
Evocations     | 1 |  1.0

Action                   |  1- 3 |  4- 6 |  7- 9 | 10-12 || total
-------------------------+-------+-------+-------+-------++-------
Melee: War axe           |    99 |   233 |   354 |   151 ||   837
Invok: Trog's Hand       |       |       |       |     6 ||     6
Evoke: Wand              |       |       |     9 |     5 ||    14
  Use: Scroll            |     2 |     9 |     5 |       ||    16
       Potion            |       |     4 |     7 |     3 ||    14
  Eat: Bread ration      |       |     2 |     1 |       ||     3
       Chunk             |       |       |     8 |       ||     8
       Beef jerky        |       |       |       |     2 ||     2
       Fruit             |       |       |       |     1 ||     1
Armor: Scale mail        |    45 |    92 |   115 |       ||   252
       Plate armour      |       |       |       |    77 ||    77
Dodge: Dodged            |    32 |    97 |   137 |    46 ||   312
Block: Shield            |    68 |   131 |   228 |   109 ||   536
